Flames vs Maple Leafs

Created - January 24, 2018 at 23:29

Goals
1 2 3 OT1 SO T
Flames 0 1 4 0 2 6
Maple Leafs 1 2 2 0 0 5
Shots
1 2 3 OT1 SO T
Flames 10 11 15 0 3 36
Maple Leafs 14 12 9 0 2 35

1st period

1. Maple Leafs , Evgeny Grachev 3 (John Klingberg 14) at 17:04

Penalties :
Eric Staal (Cal) for Interference (Minor) at 1:23, Steve Regier (Cal) for Tripping (Minor) at 4:14, Artemi Panarin (Tor) for Holding (Minor) at 7:23

2nd period

2. Maple Leafs , Claude Giroux 29 (Jordan Staal 21, Tobias Enstrom 16) at 1:52 (PP)
3. Flames , Alexander Semin 26 (Eric Staal 43) at 7:11 (PP)
4. Maple Leafs , Eric Nystrom 10 (Jordan Staal 22, Claude Giroux 28) at 17:39

Penalties :
Brendan Mikkelson (Cal) for Interference (Minor) at 1:34, Artemi Panarin (Tor) for Cross-checking (Minor) at 3:25, Tobias Enstrom (Tor) for Hooking (Minor) at 6:55, Steve Eminger (Cal) for Holding Stick (Minor) at 7:26

3rd period

5. Flames , Michel Ouellet 7 (Patrik Berglund 17, Brad Marchand 8) at 5:33
6. Flames , Jordin Tootoo 6 (Lubomir Visnovsky 10) at 6:50
7. Flames , Jordin Tootoo 7 (Colin Wilson 9, Lubomir Visnovsky 11) at 8:59
8. Flames , Steve Eminger 4 (Colin Wilson 10) at 10:27
9. Maple Leafs , Claude Giroux 30 (Jordan Staal 23) at 17:23 (PP)
10. Maple Leafs , Artemi Panarin 13 (Zac Dalpe 8) at 18:21

Penalties :
Brad Marchand (Cal) for Hooking (Minor) at 12:25, Eric Staal (Cal) for Holding (Minor) at 17:21

Overtime #1

No Goal

Penalties :
No Penalty

Shootout

Penalty Shot by Eric Staal for Flames - Stopped by Marc-André Fleury
Penalty Shot by Claude Giroux for Maple Leafs - Shot Misses the Net
Penalty Shot by Alexander Semin for Flames - Goal!
Penalty Shot by Artemi Panarin for Maple Leafs - Shot Misses the Net
Penalty Shot by David Backes for Flames - Goal!

Penalties :
No Penalty

Goalie Stats

Pekka Rinne (Cal), 30 saves from 35 shots - (0.857), W, 17-13-4, 65:00 minutes
Marc-André Fleury (Tor), 31 saves from 36 shots - (0.861), OTL, 16-17-5, 65:00 minutes

Players Stats for Flames

Player Name              G  A  P  +/- PIM S  H  SB GA TA FO     MP     PP MP  PK MP  
------------------------------------------------------------------------------------
Alexander Semin          1  0  1   1  0   3  4  0  1  0  2/3    25:30   2:19   4:06 
Brad Marchand            0  1  1   0  2   2  3  0  0  1  2/4    16:50   0:00   1:03 
Brendan Mikkelson        0  0  0  -1  2   1  0  1  0  2  0/0    19:03   2:28   3:24 
Colin Wilson             0  2  2   1  0   1  2  0  0  0  4/6    10:39   0:00   0:00 
David Backes             0  0  0   1  0   5  1  0  0  0  2/4    19:24   2:19   0:05 
Eric Staal               0  1  1   1  4   4  2  1  0  0  15/34  24:02   2:19   3:00 
Erik Johnson             0  0  0   1  0   1  1  2  1  4  0/0    24:53   1:46   1:25 
Jonathan Ferland         0  0  0  -1  0   0  0  1  0  0  0/0     5:39   0:00   0:00 
Jordin Tootoo            2  0  2   1  0   3  2  0  0  0  0/0    18:26   1:55   4:05 
Lubomir Visnovsky        0  2  2   1  0   0  0  1  0  1  0/0    22:34   0:00   4:52 
Michel Ouellet           1  0  1   0  0   1  0  0  0  0  0/1    13:19   0:00   0:00 
Mikhail Grabovski        0  0  0  -1  0   0  0  0  0  1  7/10   11:39   0:00   4:13 
Noah Welch               0  0  0  -1  0   0  1  0  0  0  0/0     8:11   2:28   0:00 
Patrik Berglund          0  1  1   0  0   6  0  0  0  0  7/12   16:53   1:55   0:00 
Ron Hainsey              0  0  0  -1  0   2  3  1  0  0  0/0    16:26   0:00   3:24 
Sami Vatanen             0  0  0   1  0   1  0  0  1  0  0/0    23:28   1:46   0:00 
Steve Eminger            1  0  1   1  2   2  1  0  0  0  0/0    21:15   0:00   3:27 
Steve Regier             0  0  0   1  2   4  1  0  0  0  0/0    13:27   1:55   0:00 

Players Stats for Maple Leafs

Player Name              G  A  P  +/- PIM S  H  SB GA TA FO     MP     PP MP  PK MP  
------------------------------------------------------------------------------------
Artemi Panarin           1  0  1   0  4   1  0  1  0  0  0/1    28:19   4:42   0:00 
Ben Smith                0  0  0   0  0   2  3  0  2  0  0/1    12:29   0:05   0:00 
Blake Comeau             0  0  0   0  0   0  0  0  0  0  1/1     6:14   0:00   0:00 
Braydon Coburn           0  0  0   1  0   1  2  1  1  0  0/0    22:25   3:02   2:22 
Claude Giroux            2  1  3   1  0   8  0  0  1  0  2/2    24:08   4:47   2:25 
Colby Armstrong          0  0  0  -2  0   0  1  0  0  0  0/2    21:10   3:29   0:00 
Eric Nystrom             1  0  1   1  0   3  2  0  0  0  0/0    15:43   0:00   1:38 
Evgeny Grachev           1  0  1   1  0   1  0  1  0  0  2/6     5:52   0:00   0:00 
Fabian Brunnstrom        0  0  0  -2  0   1  2  0  1  0  2/2    18:20   3:29   0:50 
Gilbert Brule            0  0  0  -2  0   2  2  0  1  0  8/18   20:39   3:29   1:08 
John Klingberg           0  1  1  -1  0   2  0  1  1  0  0/0    27:13   5:14   0:00 
Jordan Staal             0  3  3   0  0   6  1  0  0  0  18/36  26:14   4:47   2:27 
Marc-Édouard Vlasic      0  0  0  -1  0   1  3  0  1  1  0/0    24:32   3:02   0:00 
Mathieu Carle            0  0  0   0  0   0  0  0  0  0  0/0     3:00   0:00   0:00 
Ryan Parent              0  0  0  -1  0   0  0  0  0  1  0/0    12:22   0:00   1:52 
Taylor Chorney           0  0  0  -1  0   1  0  0  0  0  0/0    12:50   0:00   2:22 
Tobias Enstrom           0  1  1   1  2   5  2  1  1  0  0/0    27:37   5:14   1:52 
Zac Dalpe                0  1  1   0  0   1  1  1  0  1  2/5     6:36   0:00   0:00 

3 Stars

1 - Claude Giroux (Tor)
2 - Jordin Tootoo (Cal)
3 - Alexander Semin (Cal)

Power Play

Flames - 1 on 3 Attempt(s) - 33.33%
Maple Leafs - 2 on 6 Attempt(s) - 33.33%

Penalty Kill

Flames - 4 on 6 Attempt(s) - 66.67% - Score 0 goal in Penalty Kill
Maple Leafs - 2 on 3 Attempt(s) - 66.67% - Score 0 goal in Penalty Kill

Team Stat

Flames - Hits : 21 - Faceoff Wins : 39 - Blocked Shots : 7 - Penalty Minutes : 12
Maple Leafs - Hits : 19 - Faceoff Wins : 35 - Blocked Shots : 6 - Penalty Minutes : 6

Official

Referees : Rooney Chris and Devorski Paul
Linesman : Steve Miller and Tony Sericolo

Game Notes

Evgeny Grachev is injured at 14:48 of 2nd period (Sprained Right Finger)

Finance

Level 1 -- Attendance: 5590 (93.17%) -- Ticket Income $503,100
Level 2 -- Attendance: 4928 (98.56%) -- Ticket Income $271,040
Level 3 -- Attendance: 1740 (87.00%) -- Ticket Income $62,640
Level 4 -- Attendance: 3888 (97.20%) -- Ticket Income $97,200
Luxury Box -- Attendance: 955 (95.50%) -- Ticket Income $148,025
Game was played at the Maple Leafs Garden.
Total Attendance: 17101 (95.01%)
Total Ticket Income: $1,082,005
Other Income: $162,301
Total Income: $1,244,306

Flames

5 vs 5 Forward 
   Center                   Left Wing                Right Wing               Time % Phy DF OF 
 1 Eric Staal               Alexander Semin          David Backes             41     1   2  2  
 2 Patrik Berglund          Brad Marchand            Michel Ouellet           33     1   2  2  
 3 Colin Wilson             Steve Regier             Jordin Tootoo            18     1   2  2  
 4 Mikhail Grabovski        Noah Welch               Jonathan Ferland         8      1   2  2  

5 vs 5 Defense 
   Defense                  Defense                                           Time % Phy DF OF 
 1 Sami Vatanen             Erik Johnson                                      38     1   2  2  
 2 Lubomir Visnovsky        Steve Eminger                                     29     1   2  2  
 3 Ron Hainsey              Brendan Mikkelson                                 23     1   2  2  
 4 Lubomir Visnovsky        Steve Eminger                                     10     1   2  2  

PowerPlay Forward 
   Center                   Left Wing                Right Wing               Time % Phy DF OF 
 1 Eric Staal               Alexander Semin          David Backes             60     1   1  3  
 2 Patrik Berglund          Steve Regier             Jordin Tootoo            40     1   1  3  

PowerPlay Defense
   Defense                  Defense                                           Time % Phy DF OF 
 1 Sami Vatanen             Erik Johnson                                      60     1   1  3  
 2 Noah Welch               Brendan Mikkelson                                 40     1   1  3  

Penalty Kill 4 Players Forward 
   Center                   Wing                     Time % Phy DF OF 
 1 Mikhail Grabovski        Alexander Semin          50     1   3  1  
 2 Eric Staal               Jordin Tootoo            50     1   3  1  

Penalty Kill 4 Players Defense
   Defense                  Defense                  Time % Phy DF OF 
 1 Lubomir Visnovsky        Steve Eminger            58     1   3  1  
 2 Ron Hainsey              Brendan Mikkelson        42     1   3  1  

Penalty Kill - 3 Players Forward 
   Forward                                           Time % Phy DF OF 
 1 Eric Staal                                        50     1   3  1  
 2 Alexander Semin                                   50     1   3  1  

Penalty Kill - 3 Players Defense
   Defense                  Defense                  Time % Phy DF OF 
 1 Lubomir Visnovsky        Steve Eminger            58     1   3  1  
 2 Ron Hainsey              Brendan Mikkelson        42     1   3  1  

4 vs 4 Forward 
   Center                   Wing                     Time % Phy DF OF 
 1 Eric Staal               Alexander Semin          60     1   2  2  
 2 Patrik Berglund          Jordin Tootoo            40     1   2  2  

4 vs 4 Defense
   Defense                  Defense                  Time % Phy DF OF 
 1 Sami Vatanen             Erik Johnson             60     1   2  2  
 2 Lubomir Visnovsky        Steve Eminger            40     1   2  2  

Last Minutes Offensive
   Center                   Left Wing                Right Wing               Defense                  Defense                  
   Eric Staal               Alexander Semin          David Backes             Sami Vatanen             Erik Johnson             

Last Minutes Defensive
   Center                   Left Wing                Right Wing               Defense                  Defense                  
   Eric Staal               Alexander Semin          David Backes             Lubomir Visnovsky        Erik Johnson             

Goaltenders
Starting : Pekka Rinne              
Backup : Josh Harding             

Extra Forwards
Normal : Brad Marchand, Jordin Tootoo, Patrik Berglund - PP : Brad Marchand, Jordin Tootoo - PK : Brad Marchand
Extra Defensemen
Normal : Lubomir Visnovsky, Steve Eminger, Ron Hainsey - PP : Sami Vatanen - PK : Erik Johnson, Lubomir Visnovsky
Penalty Shots
Eric Staal, Alexander Semin, David Backes, Patrik Berglund, Colin Wilson

Scratches
Derek Meech (Healthy)

Maple Leafs

5 vs 5 Forward 
   Center                   Left Wing                Right Wing               Time % Phy DF OF 
 1 Jordan Staal             Artemi Panarin           Claude Giroux            40     0   1  4  
 2 Gilbert Brule            Fabian Brunnstrom        Colby Armstrong          30     1   2  2  
 3 Evgeny Grachev           Eric Nystrom             Ben Smith                20     1   2  2  
 4 Zac Dalpe                Artemi Panarin           Blake Comeau             10     1   2  2  

5 vs 5 Defense 
   Defense                  Defense                                           Time % Phy DF OF 
 1 John Klingberg           Marc-Édouard Vlasic                               40     0   1  4  
 2 Braydon Coburn           Tobias Enstrom                                    30     0   2  2  
 3 Taylor Chorney           Ryan Parent                                       20     1   2  2  
 4 Mathieu Carle            Tobias Enstrom                                    10     1   2  2  

PowerPlay Forward 
   Center                   Left Wing                Right Wing               Time % Phy DF OF 
 1 Jordan Staal             Artemi Panarin           Claude Giroux            60     1   2  2  
 2 Gilbert Brule            Fabian Brunnstrom        Colby Armstrong          40     1   2  2  

PowerPlay Defense
   Defense                  Defense                                           Time % Phy DF OF 
 1 John Klingberg           Tobias Enstrom                                    60     1   2  2  
 2 Marc-Édouard Vlasic      Braydon Coburn                                    40     1   2  2  

Penalty Kill 4 Players Forward 
   Center                   Wing                     Time % Phy DF OF 
 1 Jordan Staal             Claude Giroux            60     1   2  2  
 2 Gilbert Brule            Eric Nystrom             40     1   2  2  

Penalty Kill 4 Players Defense
   Defense                  Defense                  Time % Phy DF OF 
 1 Braydon Coburn           Taylor Chorney           60     1   2  2  
 2 Tobias Enstrom           Ryan Parent              40     1   2  2  

Penalty Kill - 3 Players Forward 
   Forward                                           Time % Phy DF OF 
 1 Jordan Staal                                      60     1   2  2  
 2 Gilbert Brule                                     40     1   2  2  

Penalty Kill - 3 Players Defense
   Defense                  Defense                  Time % Phy DF OF 
 1 Braydon Coburn           Taylor Chorney           60     1   2  2  
 2 Tobias Enstrom           Ryan Parent              40     1   2  2  

4 vs 4 Forward 
   Center                   Wing                     Time % Phy DF OF 
 1 Jordan Staal             Claude Giroux            60     1   2  2  
 2 Gilbert Brule            Colby Armstrong          40     1   2  2  

4 vs 4 Defense
   Defense                  Defense                  Time % Phy DF OF 
 1 Braydon Coburn           Tobias Enstrom           60     1   2  2  
 2 John Klingberg           Marc-Édouard Vlasic      40     1   2  2  

Last Minutes Offensive
   Center                   Left Wing                Right Wing               Defense                  Defense                  
   Jordan Staal             Artemi Panarin           Claude Giroux            John Klingberg           Tobias Enstrom           

Last Minutes Defensive
   Center                   Left Wing                Right Wing               Defense                  Defense                  
   Jordan Staal             Eric Nystrom             Claude Giroux            Ryan Parent              Braydon Coburn           

Goaltenders
Starting : Marc-André Fleury        
Backup : Alex Stalock             

Extra Forwards
Normal : Artemi Panarin, Colby Armstrong, Jordan Staal - PP : Ben Smith, Colby Armstrong - PK : Fabian Brunnstrom
Extra Defensemen
Normal : Tobias Enstrom, Ryan Parent, Braydon Coburn - PP : Marc-Édouard Vlasic - PK : Taylor Chorney, Ryan Parent
Penalty Shots
Claude Giroux, Artemi Panarin, Fabian Brunnstrom, Colby Armstrong, Jordan Staal

Scratches
Alex Killorn (Right Hip Injury)

% Time on Ice - Flames

Lines # - Real PCT - Wanted PCT - Time Play
Normal Forward
1 - 38% - 41% - 17:52
2 - 28% - 33% - 13:20
3 - 22% - 18% - 10:39
4 - 12% - 8% - 5:39
Normal Defense
1 - 41% - 38% - 19:32
2 - 30% - 29% - 14:13
3 - 22% - 23% - 10:24
4 - 7% - 10% - 3:21
PP Forward
1 - 55% - 60% - 2:19
2 - 45% - 40% - 1:55
PP Defense
1 - 42% - 60% - 1:46
2 - 58% - 40% - 2:28
PK Forward
1 - 51% - 50% - 4:11
2 - 49% - 50% - 4:05
PK Defense
1 - 59% - 58% - 4:52
2 - 41% - 42% - 3:24
PK3 Forward
1 - 0% - 50%
2 - 0% - 50%
PK3 Defense
1 - 0% - 58%
2 - 0% - 42%
44 Forward
1 - 94% - 60% - 4:42
2 - 6% - 40% - 0:18
44 Defense
1 - 60% - 60% - 3:00
2 - 40% - 40% - 2:00
Last Minute Offensive  - 0:00
Last Minute Defensive  - 0:00
Total
Forward - 65:00
Defense - 65:00

% Time on Ice - Maple Leafs

Lines # - Real PCT - Wanted PCT - Time Play
Normal Forward
1 - 32% - 40% - 15:04
2 - 30% - 30% - 14:01
3 - 26% - 20% - 12:24
4 - 13% - 10% - 6:01
Normal Defense
1 - 43% - 40% - 20:23
2 - 31% - 30% - 14:50
3 - 20% - 20% - 9:17
4 - 6% - 10% - 3:00
PP Forward
1 - 58% - 60% - 4:47
2 - 42% - 40% - 3:29
PP Defense
1 - 63% - 60% - 5:14
2 - 37% - 40% - 3:02
PK Forward
1 - 74% - 60% - 3:08
2 - 26% - 40% - 1:06
PK Defense
1 - 56% - 60% - 2:22
2 - 44% - 40% - 1:52
PK3 Forward
1 - 0% - 60%
2 - 0% - 40%
PK3 Defense
1 - 0% - 60%
2 - 0% - 40%
44 Forward
1 - 96% - 60% - 4:48
2 - 4% - 40% - 0:12
44 Defense
1 - 49% - 60% - 2:27
2 - 51% - 40% - 2:33
Last Minute Offensive  - 0:00
Last Minute Defensive  - 0:00
Total
Forward - 65:00
Defense - 65:00

Play by Play

1st period


0:01 of 1st period - Jordan Staal wins face-off versus Eric Staal in neutral zone.
0:11 of 1st period - Snap shot by Alexander Semin.
0:11 of 1st period - Shot Misses the Net.
0:27 of 1st period - Backhand shot by Patrik Berglund.
0:27 of 1st period - Stopped by Marc-André Fleury without a rebound.
0:28 of 1st period - Patrik Berglund wins face-off versus Gilbert Brule in Maple Leafs zone.
0:29 of 1st period - Wrist shot by Brad Marchand.
0:29 of 1st period - Stopped by Marc-André Fleury with a rebound.
1:23 of 1st period - Minor Penalty to Eric Staal for Interference.
1:24 of 1st period - Mikhail Grabovski wins face-off versus Jordan Staal in Flames zone.
2:12 of 1st period - Icing by Claude Giroux.
2:13 of 1st period - Brad Marchand wins face-off versus Jordan Staal in Maple Leafs zone.
2:24 of 1st period - Slapshot by Jordan Staal.
2:24 of 1st period - Shot Blocked by Ron Hainsey.
2:26 of 1st period - Slapshot by Jordan Staal.
2:26 of 1st period - Shot Misses the Net.
2:34 of 1st period - Snap shot by Claude Giroux.
2:34 of 1st period - Deflect By Jordan Staal.
2:34 of 1st period - Shot Misses the Net.
2:34 of 1st period - Puck is out of play.
2:35 of 1st period - Brad Marchand wins face-off versus Gilbert Brule in Flames zone.
2:35 of 1st period - Brad Marchand is hit by Marc-Édouard Vlasic.
3:23 of 1st period - Penalty to Eric Staal is over, Eric Staal is back on ice.
3:54 of 1st period - Wrist shot by Eric Staal.
3:54 of 1st period - Stopped by Marc-André Fleury with a rebound.
4:14 of 1st period - Minor Penalty to Steve Regier for Tripping.
4:15 of 1st period - Mikhail Grabovski wins face-off versus Gilbert Brule in Flames zone.
5:42 of 1st period - Lubomir Visnovsky is hit by Colby Armstrong and loses puck.
6:14 of 1st period - Penalty to Steve Regier is over, Steve Regier is back on ice.
6:17 of 1st period - Fabian Brunnstrom is hit by Brad Marchand and loses puck.
6:28 of 1st period - Snap shot by David Backes.
6:28 of 1st period - Stopped by Marc-André Fleury without a rebound.
6:29 of 1st period - Patrik Berglund wins face-off versus Evgeny Grachev in Maple Leafs zone.
6:54 of 1st period - Erik Johnson is hit by Zac Dalpe and loses puck.
7:15 of 1st period - Slapshot by David Backes.
7:15 of 1st period - Shot Blocked by Artemi Panarin.
7:17 of 1st period - Wrist shot by Eric Staal.
7:17 of 1st period - Shot Misses the Net.
7:23 of 1st period - Minor Penalty to Artemi Panarin for Holding.
7:24 of 1st period - Eric Staal wins face-off versus Jordan Staal in Maple Leafs zone.
7:57 of 1st period - Claude Giroux is hit by Jordin Tootoo and loses puck.
8:18 of 1st period - Slapshot by Tobias Enstrom.
8:18 of 1st period - Stopped by Pekka Rinne without a rebound.
8:19 of 1st period - Fabian Brunnstrom wins face-off versus Eric Staal in Flames zone.
8:20 of 1st period - Slapshot by Tobias Enstrom.
8:20 of 1st period - Stopped by Pekka Rinne with a rebound.
8:22 of 1st period - Slapshot by Tobias Enstrom.
8:22 of 1st period - Stopped by Pekka Rinne without a rebound.
8:23 of 1st period - Fabian Brunnstrom wins face-off versus Eric Staal in Flames zone.
8:33 of 1st period - Eric Nystrom is hit by David Backes and loses puck.
9:23 of 1st period - Penalty to Artemi Panarin is over, Artemi Panarin is back on ice.
9:27 of 1st period - Wrist shot by Patrik Berglund.
9:27 of 1st period - Stopped by Marc-André Fleury with a rebound.
9:46 of 1st period - Slapshot by Gilbert Brule.
9:46 of 1st period - Stopped by Pekka Rinne without a rebound.
9:47 of 1st period - Mikhail Grabovski wins face-off versus Gilbert Brule in Flames zone.
10:26 of 1st period - Slapshot by John Klingberg.
10:26 of 1st period - Shot Blocked by Erik Johnson.
10:28 of 1st period - Slapshot by Marc-Édouard Vlasic.
10:28 of 1st period - Stopped by Pekka Rinne with a rebound.
10:30 of 1st period - Slapshot by Fabian Brunnstrom.
10:30 of 1st period - Shot Blocked by Jonathan Ferland.
10:32 of 1st period - Snap shot by Fabian Brunnstrom.
10:32 of 1st period - Shot Misses the Net.
10:34 of 1st period - Slapshot by Gilbert Brule.
10:34 of 1st period - Stopped by Pekka Rinne without a rebound.
10:35 of 1st period - Jordan Staal wins face-off versus Eric Staal in Flames zone.
10:38 of 1st period - Wrist shot by Claude Giroux.
10:38 of 1st period - Shot Misses the Net.
10:44 of 1st period - Braydon Coburn is hit by Alexander Semin and loses puck.
11:01 of 1st period - Brad Marchand is hit by Ben Smith and loses puck.
11:10 of 1st period - Slapshot by Brendan Mikkelson.
11:10 of 1st period - Deflect By Patrik Berglund.
11:10 of 1st period - Shot Misses the Net.
11:10 of 1st period - Puck is out of play.
11:11 of 1st period - Jordan Staal wins face-off versus Eric Staal in Maple Leafs zone.
11:18 of 1st period - Eric Staal is hit by Jordan Staal and loses puck.
11:27 of 1st period - Slapshot by David Backes.
11:27 of 1st period - Shot Misses the Net.
11:41 of 1st period - Snap shot by John Klingberg.
11:41 of 1st period - Stopped by Pekka Rinne without a rebound.
11:42 of 1st period - Evgeny Grachev wins face-off versus Patrik Berglund in Flames zone.
11:43 of 1st period - Backhand shot by Ben Smith.
11:43 of 1st period - Stopped by Pekka Rinne without a rebound.
11:44 of 1st period - Patrik Berglund wins face-off versus Ben Smith in Flames zone.
11:49 of 1st period - Snap shot by Brad Marchand.
11:49 of 1st period - Deflect By Patrik Berglund.
11:49 of 1st period - Stopped by Marc-André Fleury with a rebound.
12:11 of 1st period - Snap shot by Claude Giroux.
12:11 of 1st period - Stopped by Pekka Rinne with a rebound.
12:37 of 1st period - Slapshot by Steve Regier.
12:37 of 1st period - Stopped by Marc-André Fleury with a rebound.
12:39 of 1st period - Snap shot by Steve Regier.
12:39 of 1st period - Stopped by Marc-André Fleury without a rebound.
12:40 of 1st period - Patrik Berglund wins face-off versus Jordan Staal in Maple Leafs zone.
13:06 of 1st period - Brendan Mikkelson is hit by Ben Smith and loses puck.
13:21 of 1st period - Slapshot by Brad Marchand.
13:21 of 1st period - Shot Blocked by John Klingberg.
13:33 of 1st period - Slapshot by Gilbert Brule.
13:33 of 1st period - Deflect By Lubomir Visnovsky.
13:33 of 1st period - Shot Blocked by Lubomir Visnovsky.
13:33 of 1st period - Puck is out of play.
13:34 of 1st period - David Backes wins face-off versus Gilbert Brule in Flames zone.
14:01 of 1st period - Off-side.
14:02 of 1st period - Jordan Staal wins face-off versus Colin Wilson in neutral zone.
14:19 of 1st period - Claude Giroux is hit by Ron Hainsey and loses puck.
14:53 of 1st period - Artemi Panarin is hit by Colin Wilson.
14:59 of 1st period - Snap shot by Steve Regier.
14:59 of 1st period - Stopped by Marc-André Fleury with a rebound.
16:05 of 1st period - Sami Vatanen is hit by Braydon Coburn and loses puck.
16:24 of 1st period - Wrist shot by Jordan Staal.
16:24 of 1st period - Stopped by Pekka Rinne without a rebound.
16:25 of 1st period - Eric Staal wins face-off versus Gilbert Brule in Flames zone.
16:52 of 1st period - Brad Marchand is hit by Eric Nystrom and loses puck.
17:04 of 1st period - Slapshot by John Klingberg.
17:04 of 1st period - Deflect By Evgeny Grachev.
17:04 of 1st period - Goal by Evgeny Grachev - Flames : 0 - Maple Leafs : 1.
17:05 of 1st period - Gilbert Brule wins face-off versus Eric Staal in neutral zone.
17:15 of 1st period - David Backes is hit by Gilbert Brule and loses puck.
17:40 of 1st period - Icing by Taylor Chorney.
17:41 of 1st period - Patrik Berglund wins face-off versus Evgeny Grachev in Maple Leafs zone.
17:49 of 1st period - Icing by Ryan Parent.
17:50 of 1st period - Patrik Berglund wins face-off versus Evgeny Grachev in Maple Leafs zone.
17:53 of 1st period - Wrist shot by Patrik Berglund.
17:53 of 1st period - Shot Misses the Net.
17:59 of 1st period - Slapshot by Ben Smith.
17:59 of 1st period - Stopped by Pekka Rinne without a rebound.
18:00 of 1st period - Eric Staal wins face-off versus Gilbert Brule in Flames zone.
18:06 of 1st period - Off-side.
18:07 of 1st period - Eric Staal wins face-off versus Gilbert Brule in neutral zone.
18:12 of 1st period - Slapshot by Alexander Semin.
18:12 of 1st period - Shot Misses the Net.
18:14 of 1st period - Wrist shot by Alexander Semin.
18:14 of 1st period - Shot Misses the Net.
18:16 of 1st period - Slapshot by Steve Eminger.
18:16 of 1st period - Deflect By David Backes.
18:16 of 1st period - Stopped by Marc-André Fleury with a rebound.
18:18 of 1st period - Slapshot by Eric Staal.
18:18 of 1st period - Deflect By Alexander Semin.
18:18 of 1st period - Shot Misses the Net.
18:18 of 1st period - Puck is out of play.
18:19 of 1st period - Alexander Semin wins face-off versus Jordan Staal in Maple Leafs zone.
19:36 of 1st period - Snap shot by Claude Giroux.
19:36 of 1st period - Stopped by Pekka Rinne with a rebound.
19:38 of 1st period - Wrist shot by Jordan Staal.
19:38 of 1st period - Stopped by Pekka Rinne without a rebound.
19:39 of 1st period - Gilbert Brule wins face-off versus Eric Staal in Flames zone.
19:56 of 1st period - Slapshot by Gilbert Brule.
19:56 of 1st period - Shot Blocked by Brendan Mikkelson.
Goals for this period are 0 for Flames vs 1 for Maple Leafs.
Shots for this period are 10 for Flames vs 14 for Maple Leafs.

2nd period


0:01 of 2nd period - Gilbert Brule wins face-off versus Eric Staal in neutral zone.
1:17 of 2nd period - Backhand shot by Gilbert Brule.
1:17 of 2nd period - Shot Misses the Net.
1:34 of 2nd period - Minor Penalty to Brendan Mikkelson for Interference.
1:35 of 2nd period - Mikhail Grabovski wins face-off versus Jordan Staal in Flames zone.
1:50 of 2nd period - Snap shot by Claude Giroux.
1:50 of 2nd period - Shot Misses the Net.
1:52 of 2nd period - Snap shot by Claude Giroux.
1:52 of 2nd period - Goal by Claude Giroux - Flames : 0 - Maple Leafs : 2.
1:53 of 2nd period - David Backes wins face-off versus Jordan Staal in neutral zone.
2:20 of 2nd period - Michel Ouellet is hit by Eric Nystrom.
3:17 of 2nd period - Snap shot by Mikhail Grabovski.
3:17 of 2nd period - Shot Blocked by Zac Dalpe.
3:25 of 2nd period - Minor Penalty to Artemi Panarin for Cross-checking.
3:26 of 2nd period - Eric Staal wins face-off versus Jordan Staal in Maple Leafs zone.
5:10 of 2nd period - Noah Welch is hit by Braydon Coburn and loses puck.
5:25 of 2nd period - Penalty to Artemi Panarin is over, Artemi Panarin is back on ice.
5:28 of 2nd period - Artemi Panarin is hit by Eric Staal and loses puck.
6:29 of 2nd period - John Klingberg is hit by Alexander Semin.
6:55 of 2nd period - Minor Penalty to Tobias Enstrom for Hooking.
6:56 of 2nd period - Eric Staal wins face-off versus Jordan Staal in Maple Leafs zone.
7:01 of 2nd period - Snap shot by David Backes.
7:01 of 2nd period - Stopped by Marc-André Fleury without a rebound.
7:02 of 2nd period - Jordan Staal wins face-off versus Eric Staal in Maple Leafs zone.
7:11 of 2nd period - Snap shot by Alexander Semin.
7:11 of 2nd period - Goal by Alexander Semin - Flames : 1 - Maple Leafs : 2.
7:12 of 2nd period - Jordan Staal wins face-off versus Eric Staal in neutral zone.
7:23 of 2nd period - Wrist shot by Jordan Staal.
7:23 of 2nd period - Stopped by Pekka Rinne without a rebound.
7:24 of 2nd period - Eric Staal wins face-off versus Jordan Staal in Flames zone.
7:26 of 2nd period - Minor Penalty to Steve Eminger for Holding Stick.
7:27 of 2nd period - Jordan Staal wins face-off versus Mikhail Grabovski in Flames zone.
7:27 of 2nd period - Wrist shot by Claude Giroux.
7:27 of 2nd period - Stopped by Pekka Rinne without a rebound.
7:28 of 2nd period - Jordan Staal wins face-off versus Mikhail Grabovski in Flames zone.
7:39 of 2nd period - Snap shot by Claude Giroux.
7:39 of 2nd period - Stopped by Pekka Rinne without a rebound.
7:40 of 2nd period - Eric Staal wins face-off versus Jordan Staal in Flames zone.
8:09 of 2nd period - Icing by John Klingberg.
8:10 of 2nd period - Gilbert Brule wins face-off versus Eric Staal in Maple Leafs zone.
8:56 of 2nd period - Tobias Enstrom is hit by Jordin Tootoo and loses puck.
9:26 of 2nd period - Penalty to Steve Eminger is over, Steve Eminger is back on ice.
9:38 of 2nd period - Wrist shot by Steve Eminger.
9:38 of 2nd period - Stopped by Marc-André Fleury without a rebound.
9:39 of 2nd period - Evgeny Grachev wins face-off versus Michel Ouellet in Maple Leafs zone.
9:52 of 2nd period - Eric Nystrom is hit by Brad Marchand and loses puck.
10:11 of 2nd period - Slapshot by Eric Staal.
10:11 of 2nd period - Stopped by Marc-André Fleury with a rebound.
10:27 of 2nd period - Wrist shot by Jordan Staal.
10:27 of 2nd period - Shot Misses the Net.
10:47 of 2nd period - Wrist shot by Steve Regier.
10:47 of 2nd period - Stopped by Marc-André Fleury with a rebound.
10:57 of 2nd period - Slapshot by John Klingberg.
10:57 of 2nd period - Deflect By Michel Ouellet.
10:57 of 2nd period - Stopped by Pekka Rinne without a rebound.
10:58 of 2nd period - Jordan Staal wins face-off versus David Backes in Flames zone.
11:31 of 2nd period - Off-side.
11:32 of 2nd period - Gilbert Brule wins face-off versus Patrik Berglund in neutral zone.
12:31 of 2nd period - Snap shot by Colin Wilson.
12:31 of 2nd period - Shot Misses the Net.
12:46 of 2nd period - Icing by Braydon Coburn.
12:47 of 2nd period - Blake Comeau wins face-off versus Mikhail Grabovski in Maple Leafs zone.
13:14 of 2nd period - Snap shot by Fabian Brunnstrom.
13:14 of 2nd period - Stopped by Pekka Rinne without a rebound.
13:15 of 2nd period - Alexander Semin wins face-off versus Gilbert Brule in Flames zone.
13:34 of 2nd period - Wrist shot by Eric Staal.
13:34 of 2nd period - Stopped by Marc-André Fleury with a rebound.
13:36 of 2nd period - Snap shot by Alexander Semin.
13:36 of 2nd period - Stopped by Marc-André Fleury without a rebound.
13:37 of 2nd period - Jordan Staal wins face-off versus Patrik Berglund in Maple Leafs zone.
13:44 of 2nd period - Slapshot by Braydon Coburn.
13:44 of 2nd period - Stopped by Pekka Rinne with a rebound.
13:46 of 2nd period - Slapshot by Braydon Coburn.
13:46 of 2nd period - Shot Misses the Net.
13:48 of 2nd period - Snap shot by Tobias Enstrom.
13:48 of 2nd period - Stopped by Pekka Rinne without a rebound.
13:49 of 2nd period - Eric Staal wins face-off versus Jordan Staal in Flames zone.
13:58 of 2nd period - Snap shot by Eric Staal.
13:58 of 2nd period - Shot Misses the Net.
14:18 of 2nd period - Slapshot by Erik Johnson.
14:18 of 2nd period - Stopped by Marc-André Fleury with a rebound.
14:33 of 2nd period - Icing by Erik Johnson.
14:34 of 2nd period - Colin Wilson wins face-off versus Evgeny Grachev in Flames zone.
14:34 of 2nd period - Colin Wilson is hit by Tobias Enstrom.
14:40 of 2nd period - Backhand shot by Erik Johnson.
14:40 of 2nd period - Shot Blocked by Tobias Enstrom.
14:42 of 2nd period - Slapshot by Sami Vatanen.
14:42 of 2nd period - Stopped by Marc-André Fleury with a rebound.
14:46 of 2nd period - Wrist shot by Jordin Tootoo.
14:46 of 2nd period - Stopped by Marc-André Fleury with a rebound.
14:48 of 2nd period - Slapshot by Steve Regier.
14:48 of 2nd period - Shot Blocked by Evgeny Grachev.
14:48 of 2nd period - Evgeny Grachev from Maple Leafs is injured at 14:48 of 2nd period (Sprained Right Finger).
14:49 of 2nd period - Claude Giroux wins face-off versus Alexander Semin in Maple Leafs zone.
15:16 of 2nd period - Lubomir Visnovsky is hit by Fabian Brunnstrom and loses puck.
15:45 of 2nd period - Snap shot by Colin Wilson.
15:45 of 2nd period - Shot Blocked by Braydon Coburn.
16:30 of 2nd period - Off-side.
16:31 of 2nd period - Gilbert Brule wins face-off versus Eric Staal in neutral zone.
16:42 of 2nd period - Slapshot by Gilbert Brule.
16:42 of 2nd period - Shot Misses the Net.
16:56 of 2nd period - Eric Nystrom is hit by Steve Eminger and loses puck.
17:31 of 2nd period - Snap shot by Claude Giroux.
17:31 of 2nd period - Stopped by Pekka Rinne without a rebound.
17:32 of 2nd period - Mikhail Grabovski wins face-off versus Jordan Staal in Flames zone.
17:37 of 2nd period - Snap shot by Jordan Staal.
17:37 of 2nd period - Stopped by Pekka Rinne with a rebound.
17:39 of 2nd period - Wrist shot by Eric Nystrom.
17:39 of 2nd period - Goal by Eric Nystrom - Flames : 1 - Maple Leafs : 3.
17:40 of 2nd period - Jordan Staal wins face-off versus Eric Staal in neutral zone.
17:40 of 2nd period - Jordan Staal is hit by Eric Staal.
18:14 of 2nd period - Snap shot by Tobias Enstrom.
18:14 of 2nd period - Stopped by Pekka Rinne without a rebound.
18:15 of 2nd period - Gilbert Brule wins face-off versus Patrik Berglund in Flames zone.
19:38 of 2nd period - Slapshot by Colby Armstrong.
19:38 of 2nd period - Shot Misses the Net.
19:58 of 2nd period - Snap shot by Brad Marchand.
19:58 of 2nd period - Stopped by Marc-André Fleury with a rebound.
Goals for this period are 1 for Flames vs 2 for Maple Leafs.
Shots for this period are 11 for Flames vs 12 for Maple Leafs.

3rd period


0:01 of 3rd period - Jordan Staal wins face-off versus Eric Staal in neutral zone.
0:28 of 3rd period - Icing by Tobias Enstrom.
0:29 of 3rd period - Gilbert Brule wins face-off versus Brad Marchand in Maple Leafs zone.
0:58 of 3rd period - Snap shot by Alexander Semin.
0:58 of 3rd period - Shot Misses the Net.
1:00 of 3rd period - Slapshot by Brendan Mikkelson.
1:00 of 3rd period - Stopped by Marc-André Fleury without a rebound.
1:01 of 3rd period - Eric Staal wins face-off versus Jordan Staal in Maple Leafs zone.
1:04 of 3rd period - Snap shot by Eric Staal.
1:04 of 3rd period - Stopped by Marc-André Fleury with a rebound.
1:06 of 3rd period - Backhand shot by Ron Hainsey.
1:06 of 3rd period - Stopped by Marc-André Fleury without a rebound.
1:07 of 3rd period - Jordan Staal wins face-off versus Eric Staal in Maple Leafs zone.
1:07 of 3rd period - Jordan Staal is hit by Alexander Semin.
1:22 of 3rd period - Icing by David Backes.
1:23 of 3rd period - Eric Staal wins face-off versus Colby Armstrong in Flames zone.
1:48 of 3rd period - Snap shot by Alexander Semin.
1:48 of 3rd period - Shot Misses the Net.
1:50 of 3rd period - Slapshot by Steve Eminger.
1:50 of 3rd period - Shot Misses the Net.
2:19 of 3rd period - Wrist shot by Alexander Semin.
2:19 of 3rd period - Stopped by Marc-André Fleury with a rebound.
2:21 of 3rd period - Snap shot by David Backes.
2:21 of 3rd period - Stopped by Marc-André Fleury without a rebound.
2:22 of 3rd period - Jordan Staal wins face-off versus Patrik Berglund in Maple Leafs zone.
2:29 of 3rd period - Snap shot by Claude Giroux.
2:29 of 3rd period - Shot Blocked by Erik Johnson.
2:49 of 3rd period - Ben Smith is hit by Steve Regier and loses puck.
5:09 of 3rd period - Snap shot by Michel Ouellet.
5:09 of 3rd period - Deflect By Patrik Berglund.
5:09 of 3rd period - Stopped by Marc-André Fleury without a rebound.
5:10 of 3rd period - Zac Dalpe wins face-off versus Eric Staal in Maple Leafs zone.
5:25 of 3rd period - Slapshot by Ron Hainsey.
5:25 of 3rd period - Stopped by Marc-André Fleury with a rebound.
5:27 of 3rd period - Slapshot by Brendan Mikkelson.
5:27 of 3rd period - Deflect By Patrik Berglund.
5:27 of 3rd period - Shot Misses the Net.
5:27 of 3rd period - Puck is out of play.
5:28 of 3rd period - Patrik Berglund wins face-off versus Gilbert Brule in Maple Leafs zone.
5:31 of 3rd period - Slapshot by Patrik Berglund.
5:31 of 3rd period - Stopped by Marc-André Fleury with a rebound.
5:33 of 3rd period - Wrist shot by Michel Ouellet.
5:33 of 3rd period - Goal by Michel Ouellet - Flames : 2 - Maple Leafs : 3.
5:34 of 3rd period - Claude Giroux wins face-off versus Eric Staal in neutral zone.
6:01 of 3rd period - Sami Vatanen is hit by Ben Smith and loses puck.
6:06 of 3rd period - Wrist shot by Ben Smith.
6:06 of 3rd period - Shot Misses the Net.
6:08 of 3rd period - Slapshot by Tobias Enstrom.
6:08 of 3rd period - Shot Blocked by Eric Staal.
6:38 of 3rd period - Wrist shot by Eric Nystrom.
6:38 of 3rd period - Stopped by Pekka Rinne without a rebound.
6:39 of 3rd period - Colin Wilson wins face-off versus Jordan Staal in Flames zone.
6:50 of 3rd period - Wrist shot by Jordin Tootoo.
6:50 of 3rd period - Goal by Jordin Tootoo - Flames : 3 - Maple Leafs : 3.
6:51 of 3rd period - Jordan Staal wins face-off versus Eric Staal in neutral zone.
7:07 of 3rd period - Wrist shot by Jordan Staal.
7:07 of 3rd period - Stopped by Pekka Rinne with a rebound.
7:17 of 3rd period - Ron Hainsey is hit by Fabian Brunnstrom and loses puck.
7:24 of 3rd period - Snap shot by Gilbert Brule.
7:24 of 3rd period - Shot Misses the Net.
7:44 of 3rd period - Tobias Enstrom is hit by Ron Hainsey and loses puck.
8:01 of 3rd period - Snap shot by Mikhail Grabovski.
8:01 of 3rd period - Shot Misses the Net.
8:03 of 3rd period - Wrist shot by Jonathan Ferland.
8:03 of 3rd period - Shot Misses the Net.
8:23 of 3rd period - Artemi Panarin is hit by Ron Hainsey and loses puck.
8:57 of 3rd period - Wrist shot by Jordin Tootoo.
8:57 of 3rd period - Shot Misses the Net.
8:59 of 3rd period - Snap shot by Jordin Tootoo.
8:59 of 3rd period - Goal by Jordin Tootoo - Flames : 4 - Maple Leafs : 3.
9:00 of 3rd period - Eric Staal wins face-off versus Artemi Panarin in neutral zone.
9:25 of 3rd period - Fabian Brunnstrom is hit by Brad Marchand and loses puck.
9:36 of 3rd period - Slapshot by Patrik Berglund.
9:36 of 3rd period - Stopped by Marc-André Fleury with a rebound.
10:19 of 3rd period - Icing by Steve Eminger.
10:20 of 3rd period - Colin Wilson wins face-off versus Zac Dalpe in Flames zone.
10:27 of 3rd period - Slapshot by Steve Eminger.
10:27 of 3rd period - Goal by Steve Eminger - Flames : 5 - Maple Leafs : 3.
10:28 of 3rd period - Jordan Staal wins face-off versus David Backes in neutral zone.
11:03 of 3rd period - Snap shot by Patrik Berglund.
11:03 of 3rd period - Shot Misses the Net.
12:03 of 3rd period - Snap shot by Eric Staal.
12:03 of 3rd period - Deflect By David Backes.
12:03 of 3rd period - Deflect By John Klingberg.
12:03 of 3rd period - Stopped by Marc-André Fleury with a rebound.
12:25 of 3rd period - Minor Penalty to Brad Marchand for Hooking.
12:26 of 3rd period - Eric Staal wins face-off versus Jordan Staal in Flames zone.
13:52 of 3rd period - Icing by Tobias Enstrom.
13:53 of 3rd period - Mikhail Grabovski wins face-off versus Jordan Staal in Maple Leafs zone.
14:25 of 3rd period - Penalty to Brad Marchand is over, Brad Marchand is back on ice.
14:42 of 3rd period - Icing by Ron Hainsey.
14:43 of 3rd period - Mikhail Grabovski wins face-off versus Zac Dalpe in Flames zone.
14:48 of 3rd period - Snap shot by Blake Comeau.
14:48 of 3rd period - Shot Misses the Net.
15:08 of 3rd period - Snap shot by Eric Nystrom.
15:08 of 3rd period - Stopped by Pekka Rinne with a rebound.
15:10 of 3rd period - Slapshot by Taylor Chorney.
15:10 of 3rd period - Deflect By Jordin Tootoo.
15:10 of 3rd period - Stopped by Pekka Rinne with a rebound.
15:12 of 3rd period - Snap shot by Eric Nystrom.
15:12 of 3rd period - Shot Misses the Net.
15:30 of 3rd period - Colby Armstrong is hit by Alexander Semin.
16:19 of 3rd period - Marc-Édouard Vlasic is hit by Noah Welch and loses puck.
16:26 of 3rd period - Steve Eminger is hit by Marc-Édouard Vlasic and loses puck.
16:55 of 3rd period - Snap shot by Colin Wilson.
16:55 of 3rd period - Stopped by Marc-André Fleury with a rebound.
17:13 of 3rd period - Snap shot by Fabian Brunnstrom.
17:13 of 3rd period - Shot Misses the Net.
17:21 of 3rd period - Minor Penalty to Eric Staal for Holding.
17:22 of 3rd period - Jordan Staal wins face-off versus Brad Marchand in Flames zone.
17:23 of 3rd period - Snap shot by Claude Giroux.
17:23 of 3rd period - Goal by Claude Giroux - Flames : 5 - Maple Leafs : 4.
17:24 of 3rd period - Zac Dalpe wins face-off versus Colin Wilson in neutral zone.
17:27 of 3rd period - Slapshot by John Klingberg.
17:27 of 3rd period - Shot Misses the Net.
17:46 of 3rd period - Icing by Steve Regier.
17:47 of 3rd period - Eric Staal wins face-off versus Colby Armstrong in Flames zone.
18:14 of 3rd period - Ron Hainsey is hit by Tobias Enstrom and loses puck.
18:19 of 3rd period - Snap shot by Zac Dalpe.
18:19 of 3rd period - Stopped by Pekka Rinne with a rebound.
18:21 of 3rd period - Snap shot by Artemi Panarin.
18:21 of 3rd period - Goal by Artemi Panarin - Flames : 5 - Maple Leafs : 5.
18:22 of 3rd period - Colin Wilson wins face-off versus Zac Dalpe in neutral zone.
18:27 of 3rd period - Artemi Panarin is hit by Colin Wilson and loses puck.
18:50 of 3rd period - Sami Vatanen is hit by Marc-Édouard Vlasic and loses puck.
19:19 of 3rd period - Snap shot by Jordan Staal.
19:19 of 3rd period - Stopped by Pekka Rinne without a rebound.
19:20 of 3rd period - Jordan Staal wins face-off versus Eric Staal in Flames zone.
19:21 of 3rd period - Snap shot by Claude Giroux.
19:21 of 3rd period - Stopped by Pekka Rinne with a rebound.
Goals for this period are 4 for Flames vs 2 for Maple Leafs.
Shots for this period are 15 for Flames vs 9 for Maple Leafs.

Overtime #1


0:01 of 1st overtime period - Eric Staal wins face-off versus Jordan Staal in neutral zone.
1:38 of 1st overtime period - Steve Eminger is hit by Gilbert Brule and loses puck.
3:38 of 1st overtime period - Gilbert Brule is hit by Erik Johnson and loses puck.
Goals for this period are 0 for Flames vs 0 for Maple Leafs.
Shots for this period are 0 for Flames vs 0 for Maple Leafs.

ShootOut


5:00 of 1st overtime period - Penalty Shot by Eric Staal for Flames.
5:00 of 1st overtime period - Backhand shot by Eric Staal.
5:00 of 1st overtime period - Stopped by Marc-André Fleury.
5:00 of 1st overtime period - Penalty Shot by Claude Giroux for Maple Leafs.
5:00 of 1st overtime period - Wrist shot by Claude Giroux.
5:00 of 1st overtime period - Shot Misses the Net.
5:00 of 1st overtime period - Penalty Shot by Alexander Semin for Flames.
5:00 of 1st overtime period - Backhand shot by Alexander Semin.
5:00 of 1st overtime period - Goal by Alexander Semin.
5:00 of 1st overtime period - Penalty Shot by Artemi Panarin for Maple Leafs.
5:00 of 1st overtime period - Wrist shot by Artemi Panarin.
5:00 of 1st overtime period - Shot Misses the Net.
5:00 of 1st overtime period - Penalty Shot by David Backes for Flames.
5:00 of 1st overtime period - Deke by David Backes.
5:00 of 1st overtime period - Goal by David Backes.